 Dungeon Crawl Stone Soup version 0.15-a0 (webtiles) character file.

323 4tharraofdagon the Chopper (level 5, -1/45 HPs)
             Began as a Ghoul Gladiator on Mar 30, 2014.
             Slain by a water moccasin (6 damage)
             ... on Level 6 of the Dungeon.
             The game lasted 00:05:43 (1172 turns).

4tharraofdagon the Chopper (Ghoul Gladiator)        Turns: 1172, Time: 00:05:43

HP  -1/45        AC 13     Str 19      XL: 5   Next: 88%
MP   4/4         EV  7     Int  4      God:
Gold 112         SH  0     Dex  9      Spells:  0 memorised,  4 levels left

rFire  . . .     SeeInvis .     a - +0 war axe
rCold  + + .     Clarity  .     l - +1 chain mail {rC+}
rNeg   + + +     Conserve .     (no shield)
rPois  +         rCorr    .     t - +0 helmet
rElec  .         rRot     +     n - +2 cloak
SustAb . .       Spirit   .     (no gloves)
rMut   .         Warding  .     (no boots)
Saprov + + +     Stasis   .     (no amulet)
MR     .....                    (no ring)
                                (no ring)

@: about to teleport, rotting, not resistant to hostile enchantments, extremely
unstealthy
A: rotting body, claws 1, carnivore 3, cold resistance 1, life protection 3,
poison resistance, saprovore 3, slow healing 1, torment resistance, unbreathing
a: no special abilities


You were on level 6 of the Dungeon.
You were not hungry.

You visited 1 branch of the dungeon, and saw 6 of its levels.

You collected 112 gold pieces.

Inventory:

Hand weapons
 a - a +0,+0 war axe (weapon)
 g - a +0,+0 crossbow
Missiles
 f - 15 poisoned bolts
Armour
 b - a +0 leather armour
 c - a +0 helmet
 l - a +1 chain mail of cold resistance (worn)
 n - a +2 cloak (worn)
 r - a +0 cloak
 t - a +0 helmet (worn)
Scrolls
 e - a scroll of enchant armour {unknown}
 h - 2 scrolls of fog {unknown}
Jewellery
 k - an uncursed amulet of inaccuracy
Potions
 o - 3 potions of confusion


   Skills:
 + Level 3.4 Fighting
 * Level 4.3 Axes
 - Level 1.7 Throwing
 + Level 2.1 Armour
 - Level 3.1 Dodging


You had 4 spell levels left.
You didn't know any spells.

Dungeon Overview and Level Annotations

Branches:
Dungeon (6/15)
 Temple: D:4-7

Altars:
Vehumet


Innate Abilities, Weirdness & Mutations

Your body is rotting away.
You have sharp fingernails.
You are carnivorous and can eat meat at any time.
Your flesh is cold resistant.
You are immune to negative energy.
Your system is resistant to poisons.
You thrive on rotten meat.
You heal slowly when monsters are visible.
You are immune to unholy pain and torment.
You can survive without breathing.


Message History

Found three items.
Found a stone staircase leading down.
There is a stone staircase leading up here.
Unknown command.
Unknown command.
Unknown command.
Read which item? (? for menu, Esc to quit)
Okay, then.
Drink which item? (? for menu, Esc to quit)
Okay, then.
Read which item? (? for menu, Esc to quit)
As you read the scroll labeled SUWUFU TARA, it crumbles to dust.
You feel aware of your surroundings.
You sensed 2 altars.
It was a scroll of magic mapping.
The water moccasin bites you but does no damage.
Unknown command.
Read which item? (? for menu, Esc to quit)
As you read the scroll labeled CIEXAA RETASA, it crumbles to dust.
You feel strangely unstable.
It was a scroll of teleportation.
The water moccasin bites you.
You die...

**#########
********........S#
,,,,,*,,...?!...@#
,,,,,*,*.........#
,,,,,*,*,..%.....#
,,,,,*, ,........#
,,,,,*,*,...I....#
,,,,*,*,,.......#
,,,,,*,*,,,>.....#
,,,,,,,*,,,,.....#
,,,,,***,, ,,,,..#


You could see a water moccasin and a sky beast.

Vanquished Creatures
  A phantom (D:5)
  A scorpion (D:5)
  A gnoll (D:1)
  An adder (D:3)
  3 worms
  2 giant geckos
  2 orcs
  A ball python (D:1)
  4 hobgoblins
  2 kobolds
  6 bats
  A giant cockroach (D:2)
  2 giant newts
  2 goblins (D:1)
  A kobold skeleton (D:5)
  5 rats
35 creatures vanquished.

Notes
Turn   | Place    | Note
--------------------------------------------------------------
     0 | D:1      | 4tharraofdagon, the Ghoul Gladiator, began the quest for the Orb.
     0 | D:1      | Reached XP level 1. HP: 17/17 MP: 1/1
   190 | D:1      | Reached XP level 2. HP: 8/24 MP: 2/2
   233 | D:1      | Reached skill level 3 in Axes
   337 | D:2      | Reached XP level 3. HP: 30/30 MP: 3/3
   345 | D:2      | Found a radiant altar of Vehumet.
   787 | D:5      | Entered Level 5 of the Dungeon
   919 | D:5      | Noticed a phantom
   998 | D:5      | Killed a phantom
   998 | D:5      | Reached skill level 4 in Axes
   998 | D:5      | Reached skill level 1 in Armour
   998 | D:5      | Reached XP level 4. HP: 12/38 MP: 3/3
   998 | D:5      | Reached XP level 5. HP: 14/45 MP: 4/4
  1159 | D:5      | Noticed a water moccasin
  1164 | D:5      | HP: 2/45 [water moccasin (1)]
  1170 | D:6      | Noticed a sky beast
  1172 | D:6      | Slain by a water moccasin

Action                   |  1- 3 |  4- 6 || total
-------------------------+-------+-------++-------
Melee: War axe           |   120 |    38 ||   158
Throw: Throwing net      |     1 |     5 ||     6
  Use: Scroll            |     3 |     2 ||     5
       Potion            |     1 |     3 ||     4
